Map: Cyber Forest LE

Players

DrDisrespect - Winner!

  • Race: Terran Terran
  • League: Master
  • Spawn Location: 5:00

Mez

  • Race: Terran Terran
  • League: Master
  • Spawn Location: 11:00

VOD

Have the link to the VOD?

Description

Time

  • Played on: July 30, 2019, 12:44 a.m.
  • Length: 12:55
Show
View Real Time Build Order
Export as new Build Order

DrDisrespect Terran - Winner!

Build Orders:  

Get SALT Encoding   

  12  0:00  SCV  
  13  0:14  SCV  
  13  0:17  Supply Depot  
  14  0:27  SCV  
  15  0:31  Refinery  
  15  0:39  SCV  
  16  0:47  Barracks  
  16  0:52  SCV  
  17  0:58  Refinery  
  17  1:04  SCV  
  18  1:16  SCV  
  19  1:34  Reaper  
  19  1:35  Orbital Command  
  19  1:38  Factory  
  20  1:52  Supply Depot  
  20  2:01  SCV  
  22  2:08  Reaper  
  22  2:14  SCV  
  23  2:22  Hellion  
  25  2:28  Command Center  
  25  2:32  SCV  
  25  2:47  SCV  
  25  2:48  Barracks Reactor  
  25  2:49  Factory Tech Lab  
  26  2:52  Starport  
  26  3:02  SCV  
  27  3:30  SCV  
  28  3:37  Marine x2  
  28  3:38  Starport Tech Lab  
  30  3:41  Supply Depot  
  30  3:49  Refinery  
  30  3:53  Siege Tank  
  33  3:58  Marine x2  
  33  3:59  Raven  
  33  4:00  Orbital Command  
  33  4:02  SCV  
  36  4:07  Supply Depot  
  36  4:14  SCV  
  37  4:17  Marine x2  
  39  4:26  SCV x2  
  39  4:29  Siege Tank  
  44  4:34  Supply Depot  
  44  4:38  SCV, Marine x2  
  45  4:42  SCV  
  48  4:46  Raven  
  48  4:50  SCV  
  51  4:54  SCV  
  51  4:58  Marine x2  
  54  5:04  Siege Tank  
  54  5:05  SCV  
  54  5:06  SCV  
  59  5:07  Supply Depot  
  59  5:15  Marine  
  59  5:16  Marine  
  59  5:19  SCV x2  
  63  5:27  Command Center  
  63  5:29  Supply Depot  
  63  5:33  SCV x2  
  65  5:41  Viking  
  65  5:42  Viking  
  69  5:45  Siege Tank  
  69  5:47  Marine  
  73  5:55  Supply Depot  
  73  5:56  SCV x2  
  75  6:05  Supply Depot  
  75  6:11  Viking, Marine  
  75  6:12  Viking  
  78  6:37  Marine  
  77  6:40  Orbital Command  
  77  6:41  Stimpack  
  77  6:42  Barracks  
  77  6:43  Barracks  
  77  6:54  SCV  
  77  6:55  Marine  
  77  6:57  SCV  
  80  7:06  SCV  
  72  7:09  SCV  
  72  7:14  Marine  
  61  7:17  Orbital Command  
  61  7:19  Engineering Bay  
  61  7:20  Engineering Bay  
  61  7:28  Siege Tank  
  64  7:32  Marine  
  63  7:39  Medivac  
  63  7:42  Barracks Reactor  
  63  7:43  Barracks Reactor  
  65  7:47  SCV x3  
  65  7:48  Barracks x2, Terran Infantry Weapons Level 1  
  65  7:49  Terran Infantry Armor Level 1, Marine  
  69  8:00  Siege Tank  
  71  8:07  Marine  
  72  8:13  SCV x2  
  74  8:21  Barracks  
  74  8:22  Marine  
  74  8:25  Marine  
  74  8:26  Marine x3  
  79  8:32  Siege Tank  
  82  8:40  Marine  
  83  8:41  Marine x2  
  83  8:43  Marine  
  86  8:59  Marine x4  
  80  9:06  Combat Shield  
  74  9:10  Armory  
  74  9:11  Barracks Reactor x2  
  74  9:12  Barracks Reactor  
  74  9:14  Barracks  
  72  9:20  Missile Turret x2  
  72  9:22  Marine x2  
  72  9:23  Missile Turret  
  74  9:25  SCV x2  
  74  9:26  Missile Turret  
  74  9:27  Refinery  
  74  9:28  Refinery, SCV  
  74  9:30  Factory, Marine x3  
  80  9:35  Sensor Tower  
  80  9:37  SCV  
  81  9:40  Marine x2  
  83  9:47  Marine  
  83  9:48  Marine x2  
  83  9:51  Marine x4  
  83  9:52  Siege Tank  
  93  9:57  Marine  
  93  9:58  Marine  
  95  10:05  Marine x2  
  95  10:06  Marine  
  98  10:08  Marine  
  98  10:09  Marine x3  
  102  10:15  Marine  
  102  10:16  Factory Tech Lab  
  102  10:17  Terran Infantry Armor Level 2, Terran Vehicle Weapons Level 1, Terran Infantry Weapons Level 2  
  102  10:18  Marine  
  104  10:31  Refinery  
  104  10:34  Marine x4  
  108  10:36  Medivac x2  
  104  10:57  Marine x8  
  104  10:58  Siege Tank  
  115  11:07  Siege Tank  
  115  11:09  Supply Depot  
  118  11:11  Supply Depot  
  118  11:12  Marine  
  118  11:14  Command Center  
  118  11:15  Marine  
  120  11:18  Barracks  
  120  11:20  Barracks  
  120  11:23  Marine  
  99  11:30  Marine x5  
  94  11:33  Siege Tank  
  94  11:37  Marine x3  
  94  11:38  SCV x2  
  94  11:39  Siege Tank, SCV  
  106  11:45  Marine  
  107  11:47  Marine  
  107  11:48  Marine x2  
  107  11:52  Marine x2  
  112  12:05  Siege Tank  
  114  12:10  Marine  
  114  12:12  Marine  
  116  12:26  Marine  
  116  12:27  Marine x3  
  118  12:30  Marine  
  118  12:31  Marine  
  118  12:32  Marine x3  
Show
View Real Time Build Order
Export as new Build Order

Mez Terran 

Build Orders: Reaper Expand 

Get SALT Encoding   

  12  0:04  SCV  
  13  0:16  SCV  
  13  0:19  Supply Depot  
  14  0:28  SCV  
  15  0:41  SCV  
  15  0:42  Barracks  
  16  0:47  Refinery  
  16  0:53  SCV  
  17  1:05  SCV  
  18  1:17  SCV  
  19  1:30  Orbital Command  
  19  1:32  Reaper  
  20  1:49  Command Center  
  20  1:54  Barracks  
  20  1:57  SCV  
  21  2:07  Barracks Reactor  
  21  2:09  Barracks  
  21  2:13  SCV  
  22  2:18  Supply Depot  
  22  2:25  SCV  
  23  2:43  Barracks Tech Lab  
  23  2:44  SCV  
  24  2:52  Marine x2  
  24  2:56  SCV  
  24  2:58  Marine  
  27  3:01  Orbital Command  
  27  3:03  Marauder  
  30  3:10  Marine x2  
  31  3:16  Marine  
  30  3:23  SCV  
  30  3:24  Marine  
  31  3:28  Marine x2  
  31  3:29  SCV  
  33  3:35  SCV  
  33  3:37  Marine  
  33  3:41  Stimpack, SCV  
  36  3:42  Marine  
  36  3:45  Supply Depot  
  36  3:47  SCV  
  36  3:48  Engineering Bay  
  38  3:49  Marine x2  
  38  3:53  SCV  
  41  3:59  SCV, Marine  
  43  4:05  SCV  
  43  4:07  Factory, Refinery  
  44  4:11  SCV  
  44  4:12  Supply Depot  
  44  4:16  Missile Turret  
  45  4:17  SCV  
  45  4:19  Marine x4  
  45  4:23  SCV  
  51  4:29  SCV  
  52  4:33  Refinery  
  52  4:35  SCV, Terran Infantry Weapons Level 1  
  52  4:37  Marine x2  
  55  4:39  Supply Depot  
  55  4:46  SCV  
  55  4:47  SCV  
  55  4:48  Marine  
  55  4:49  Marine  
  58  4:58  SCV, Starport, Factory Reactor  
  58  4:59  SCV  
  60  5:07  Marine  
  60  5:08  Marine x3  
  60  5:10  SCV  
  60  5:11  SCV  
  66  5:19  Command Center, Supply Depot  
  66  5:23  SCV x2  
  68  5:33  Barracks Reactor  
  68  5:34  Marine x2  
  70  5:40  SCV x2, Marine  
  70  5:41  Combat Shield  
  73  5:43  Medivac  
  73  5:44  Medivac  
  77  5:52  SCV, Barracks  
  77  5:53  Barracks  
  77  5:55  Refinery  
  77  5:56  Supply Depot  
  78  6:08  Supply Depot  
  78  6:17  Marine x4  
  78  6:18  Medivac x2  
  86  6:29  SCV x2, Marauder  
  88  6:35  Marine  
  88  6:36  Marine x3  
  88  6:39  Orbital Command  
  90  6:41  SCV x2  
  92  6:47  Medivac x2  
  92  6:50  Marine  
  96  6:56  Marine x6  
  102  7:08  Marine  
  81  7:14  Marine x6  
  71  7:17  Medivac x2  
  71  7:22  Barracks  
  75  7:25  Barracks x2  
  75  7:26  Marine  
  76  7:31  Marine  
  76  7:32  SCV, Marine x2  
  76  7:33  SCV  
  76  7:34  SCV  
  79  7:38  Marine  
  79  7:42  Barracks Reactor x2  
  79  7:44  SCV, Marine  
  80  7:47  Medivac x2  
  80  7:48  SCV x2  
  80  7:49  Marine  
  80  7:50  Marine x2  
  91  7:51  Terran Infantry Armor Level 1  
  91  7:56  Marine  
  91  7:57  SCV  
  93  8:00  SCV x2  
  96  8:07  Marine x3  
  96  8:09  SCV  
  95  8:17  Barracks Tech Lab x2  
  95  8:18  Barracks Reactor, Marine  
  95  8:19  Marine x5  
  100  8:25  Marine x3  
  103  8:36  Marine  
  103  8:38  Marine, Marauder x2  
  109  8:57  Marine x3  
  109  8:58  Marine  
  109  8:59  Marine x4  
  109  9:01  Marine  
  109  9:02  Marauder  
  108  9:04  Marauder  
  108  9:10  Supply Depot  
  108  9:14  Marine, Supply Depot x3  
  108  9:15  Supply Depot  
  109  9:26  Command Center  
  109  9:28  Armory  
  109  9:32  Engineering Bay, Marine x4, Marauder x2  
  109  9:35  Marine x6  
  123  9:43  Marine  
  124  9:49  Refinery, Medivac  
  124  9:50  Marine, Marauder, Medivac  
  131  9:54  Marine x3, Marauder x2  
  138  10:01  Marine  
  138  10:02  Marine x2  
  141  10:12  Marauder  
  143  10:15  Marauder  
  145  10:23  Marine x2, Marauder  
  149  10:37  Marine x8, Marauder x2, Medivac  
  149  10:41  Marine x2  
  128  10:46  Marauder, Medivac  
  131  10:53  Terran Vehicle And Ship Armor Level 1  
  131  10:55  Marine x6  
  127  10:59  Marauder x2  
  131  11:07  Medivac  
  133  11:16  Medivac  
  135  11:21  Marine x6  
  135  11:22  Command Center  
  91  11:33  Marine x5  
  91  11:37  Planetary Fortress, Medivac  
  98  11:41  Marine x2  
  98  11:46  Medivac  
  102  11:52  SCV  
  102  11:53  SCV x2  
  105  12:04  SCV  
  105  12:07  Medivac  
  95  12:10  Marine x8  
  95  12:11  Marine x5  
  108  12:16  Medivac  
  106  12:28  Marine x8  
  99  12:36  Marine x5  
Tags
 
Add a new tag
Caveats
  • Supply blocks, unpowered buildings, or Contaminate may cause inaccurate times.
  • Supply counts are checked every 10 seconds.